 Dungeon Crawl Stone Soup version 0.30.0-20-g3b4254fcbd (webtiles) character file.

Game seed: 4562431890029700691

294 Graphine the Sneak (level 6, 0/47 HPs)
             Began as a Merfolk Brigand on June 2, 2023.
             Slain by a killer bee (5 damage)
             ... on level 4 of the Dungeon.
             The game lasted 00:08:43 (2739 turns).

Graphine the Sneak (Merfolk Brigand)                Turns: 2739, Time: 00:08:43

Health: 0/47       AC: 10    Str: 15    XL:     6   Next: 34%
Magic:  7/7        EV: 13    Int: 10    God:
Gold:   277        SH:  5    Dex: 17    Spells: 7/7 levels left

rFire   + . .        a - +2 dagger (protect)
rCold   + . .        (no shield)
rNeg    . . .        b - +0 robe
rPois   +            (no helmet)
rElec   +            c - +0 cloak
rCorr   +            w - +0 pair of gloves {Str+3}
SInv    .            p - +1 pair of boots
Will    .....        n - amulet of reflection
Stlth   +++          i - +4 ring of protection
HPRegen 0.27/turn    j - ring of resist corrosion
MPRegen 0.10/turn

%: reflection
@: resistant, on berserk cooldown, slowed, very slow
A: (nimble swimmer 2), mertail
a: no special abilities


You were on level 4 of the Dungeon.
You visited 1 branch of the dungeon, and saw 4 of its levels.

You collected 277 gold pieces.

Inventory:

Hand Weapons
 a - a +2 dagger of protection (weapon)
 r - a +0 rapier
 y - a +1 dagger of pain
Missiles
 d - 9 poisoned darts
 e - 2 curare-tipped darts
 s - a javelin (quivered)
Armour
 b - a +0 robe (worn)
 c - a +0 cloak (worn)
 p - a +1 pair of boots (worn)
 w - a +0 pair of gloves of strength (worn)
Jewellery
 i - a +4 ring of protection (left hand)
 j - a ring of resist corrosion (right hand)
 n - an amulet of reflection (around neck)
 x - a ring of ice
Wands
 q - a wand of flame (16)
Scrolls
 f - a scroll of vulnerability
 g - a scroll of teleportation
Potions
 h - a potion of haste
 k - a potion of berserk rage
 m - 2 potions of degeneration
 o - 3 potions of attraction


   Skills:
 + Level 3.3 Fighting
 + Level 3.6 Short Blades
 + Level 2.9 Throwing
 + Level 3.2 Dodging
 * Level 6.0 Stealth
 + Level 1.1 Spellcasting
 + Level 1.3 Ice Magic


You had 7 spell levels left.
You didn't know any spells.
Your spell library contained the following spells:

 Spells                   Type           Power      Damage    Failure   Level
 Blink                    Tloc           0%         N/A       45%         2
 Frozen Ramparts          Ice            6%         1d1       52%         3
 Vhi's Electric Charge    Tloc/Air       0%         N/A       71%         3
 Ice Form                 Ice/Tmut       1%         N/A       95%         4
 Summon Ice Beast         Ice/Summ       1%         N/A       95%         4
 Manifold Assault         Tloc           0%         N/A       98%         4
 Arcjolt                  Conj/Air       0%         1d10      100%        5
 Storm Form               Tmut/Air       0%         N/A       100%        7
 Maxwell's Capacitive Co  Air            0%         ∞         100%        8


Dungeon Overview and Level Annotations

Branches:
Dungeon (4/15)
 Temple: D:4-7

Altars:
Yredelemnul

Annotations:
D:3 3 runed translucent doors, Elsvaer's ghost, amateur DECj


Innate Abilities, Weirdness & Mutations

((You are very nimble when in or above water. (Stealth+, EV+, Speed+++)))
Your lower body shifts to a powerful aquatic tail in water.


Message History

The killer bee misses you. The killer bee completely misses you.
You hit the killer bee but do no damage.
The killer bee closely misses you. The killer bee barely misses you.
The orc hits you from afar with a +2 trident of venom.
* * * LOW HITPOINT WARNING * * *
You hit the killer bee.
The killer bee is lightly wounded.
The killer bee stings you but does no damage. x2
You block the orc's attack. The killer bee stings you.
* * * LOW HITPOINT WARNING * * *
You hit the killer bee.
The killer bee is lightly wounded.
You block the killer bee's attack. You block the orc's attack.
The killer bee closely misses you.
You hit the killer bee.
The killer bee is moderately wounded.
You block the killer bee's attack. The killer bee stings you.
* * * LOW HITPOINT WARNING * * *
The orc hits you but does no damage.
The killer bee stings you but does no damage.
The orc hits you but does no damage.
You feel better.
The killer bee stings you but does no damage.
The killer bee stings you.
* * * LOW HITPOINT WARNING * * *
The orc hits you but does no damage. The killer bee stings you!
* * * LOW HITPOINT WARNING * * *
You feel better.
The killer bee stings you but does no damage.
The killer bee closely misses you. The orc hits you but does no damage.
You block the killer bee's attack.
The orc hits you from afar with a +2 trident of venom!
* * * LOW HITPOINT WARNING * * *
Okay, then.
Sorry, you're not good enough to have a special ability.
Okay, then.
You barely miss the killer bee.
The killer bee is moderately wounded.
The killer bee stings you.
You die...

...###.#.....#..#####
#..
#.##...###.#.........
#... #.##.###
#......######..######.
#.##.#
#..#..........#.......
#.#..#
#.####.###...##.......
#.#.## #.#
##...y.#..........
#...####...# #5o....#
#........ ##...>...#.#
#y####.###......).
#.##...#####.###@#
#.y###..(.... #......#
#.....# ##.S.5o......
#.###..# #..####
####o....... ......##
###.# ####..#.†
#.###.####<..# ##.#..
#..)...#.# ....#
#.###..#####.# ...#.#
.......# ##.# #.#...o
........# #..# ..###.#


You could see a lemure, a killer bee and an orc.

Vanquished Creatures
  3 killer bees (D:4)
  A hound (D:4)
  An iguana (D:4)
  3 adders
  A worm (D:3)
  9 orcs
  8 ball pythons
  5 endoplasms
  4 giant cockroaches
  4 goblins
  7 hobgoblins
  4 jackals (D:1)
  2 quokkas (D:2)
  A ball python zombie (D:3)
  A bat (D:1)
  4 frilled lizards
  A jackal zombie (D:3)
  5 kobolds
  7 rats
71 creatures vanquished.

Notes
Turn   | Place    | Note
-------+----------+-------------------------------------------
     0 | D:1      | Graphine the Merfolk Brigand began the quest for the Orb.
     0 | D:1      | Reached XP level 1. HP: 16/16 MP: 1/1
   230 | D:1      | Reached XP level 2. HP: 23/23 MP: 2/2
   532 | D:1      | You fall into a shaft and drop 1 floor!
   690 | D:1      | Reached XP level 3. HP: 28/28 MP: 3/3
  1853 | D:3      | Reached skill level 5 in Stealth
  1946 | D:3      | Found a runed translucent gate.
  1946 | D:3      | Found a runed translucent gate.
  1946 | D:3      | Found a runed translucent gate.
  1946 | D:3      | Noticed Elsvaer's ghost (amateur DECj)
  1948 | D:3      | Found a basalt altar of Yredelemnul.
  2072 | D:3      | Reached XP level 4. HP: 33/34 MP: 4/4
  2588 | D:4      | Reached XP level 5. HP: 35/41 MP: 5/5
  2649 | D:4      | Noticed a lemure
  2708 | D:4      | Reached skill level 1 in Ice Magic
  2719 | D:4      | Reached skill level 1 in Spellcasting
  2719 | D:4      | Reached XP level 6. HP: 17/47 MP: 5/7
  2731 | D:4      | Reached skill level 6 in Stealth
  2739 | D:4      | Slain by a killer bee

Illustrated notes

Levels and vault maps discovered:
D:1:      wheals_arrival_linesprint, layout_basic
D:2:      layout_basic
D:3:      layout_basic, nicolae_yredelemnul_ghost_church
D:4:      layout_rooms, ebering_ghost_reflecting_pool, uniq_pikel, uniq_ijyb

Skill      XL: |  1  2  3  4  5  6 |
---------------+-------------------+-----
Dodging        | 2 3 |  3.2
Stealth        | 5 6 |  6.0
Short Blades   | 3 |  3.6
Fighting       | 3 |  3.3
Ice Magic      | 1 |  1.3
Spellcasting   | 1 |  1.1
Throwing       | |  2.9

Action                     |  1- 3 |  4- 6 || total
---------------------------+-------+-------++-------
  Melee: Dagger            |    98 |   167 ||   265
         Punch             |       |     1 ||     1
  Throw: Javelin           |    15 |     4 ||    19
         Dart              |     9 |     1 ||    10
    Use: Scroll            |       |     9 ||     9
         Potion            |       |     6 ||     6
   Stab: Sleeping          |    17 |     1 ||    18
 Armour: Robe              |    27 |    67 ||    94
  Dodge: Dodged            |    46 |   100 ||   146
  Block: Other             |     3 |    40 ||    43
